 Dungeon Crawl Stone Soup version 0.20.1-1-g8b1a95d66d (webtiles) character file.

114 Peloso the Covered (level 5, -3/36 HPs)
             Began as a Halfling Fighter on Nov 19, 2017.
             Slain by a worm (4 damage)
             ... on level 3 of the Dungeon.
             The game lasted 00:04:08 (1934 turns).

Peloso the Covered (Halfling Fighter)               Turns: 1934, Time: 00:04:08

Health: -3/36      AC:  7    Str: 18    XL:     5   Next: 18%
Magic:  5/5        EV:  9    Int:  6    God:
Gold:   107        SH: 10    Dex: 14    Spells: 4/4 levels left

rFire    . . .     SeeInvis .   a - +1 long sword
rCold    . . .     Gourm    .   c - +0 shield
rNeg     . . .     Faith    .   b - +0 scale mail
rPois    .         Spirit   .   (no helmet)
rElec    .         Reflect  .   (no cloak)
rCorr    .         Harm     .   (no gloves)
MR       .....                  (no boots)
Stlth    ..........             i - amulet of rage
Regen    0.2/turn               (no ring)
MPRegen  0.1/turn               (no ring)

@: no status effects
A: mutation resistance 1
a: Evoke Berserk Rage


You were on level 3 of the Dungeon.
You were hungry.

You visited 1 branch of the dungeon, and saw 3 of its levels.

You collected 107 gold pieces.

Inventory:

Hand Weapons
 a - a +1 long sword (weapon)
Armour
 b - a +0 scale mail (worn)
 c - a +0 shield (worn)
Jewellery
 i - an amulet of rage (around neck)
Scrolls
 e - a scroll of teleportation
Potions
 d - 3 potions of might
 g - 2 potions of brilliance
 j - a potion of curing
 n - a potion of lignification {unknown}
Comestibles
 f - a bread ration
 h - 2 chunks of flesh
 k - 2 meat rations
 l - 2 fruits


   Skills:
 + Level 3.0 Fighting
 + Level 3.3 Long Blades
 + Level 4.1 Armour
 + Level 0.7 Dodging
 + Level 0.5 Stealth
 + Level 4.0 Shields


You had 4 spell levels left.
You didn't know any spells.

Dungeon Overview and Level Annotations

Branches:
Dungeon (3/15)

Altars:
Uskayaw


Innate Abilities, Weirdness & Mutations

You are small and have problems with some larger weapons.
You are somewhat resistant to further mutation.


Message History

The orc is severely wounded.
The orc barely misses you.
You slash the orc!
You kill the orc!
The orc priest mumbles some strange prayers to Beogh against you.
Beogh smites you!
* * * LOW HITPOINT WARNING * * *
You barely miss the worm.
The orc priest looks satisfied for a moment.
Your scale mail prevents you from hitting the worm.
The worm closely misses you.
You hit the worm but do no damage. The worm bites you but does no damage.
You hit the worm but do no damage. The worm bites you!
* * * LOW HITPOINT WARNING * * *
You slash the worm!
The worm is heavily wounded.
You hit the worm.
The worm is severely wounded.
The worm bites you.
You die...

#...#... #...#......# #.#.#.#####
#........# #.........# #......# #
#####..).....# #......# .#
#.....###....# #......###.####
#.###..###.#### #†.[...........
..# ##.# #....### #...$..........
<........####...###o........ooo."
..#####.........@woo#####........
#.# #...#####.###...........?..
#.. ###... #.# #######........
##.. ##. #.. #........ ### ...#
#........ #.(. #...>.... #...#
#........ ###.. ...


You could see a worm, an orc priest and 2 orcs.

Vanquished Creatures
  3 gnolls (D:2)
  3 adders
  3 dart slugs (D:2)
  2 leopard geckos (D:1)
  2 orcs (D:3)
  2 giant cockroaches (D:1)
  4 goblins (D:2)
  5 hobgoblins
  5 kobolds
  A quokka (D:2)
  A ball python (D:1)
  7 bats
  3 frilled lizards
  7 rats
48 creatures vanquished.

Notes
Turn   | Place    | Note
-------+----------+-------------------------------------------
     0 | D:1      | Peloso the Halfling Fighter began the quest for the Orb.
     0 | D:1      | Reached XP level 1. HP: 15/15 MP: 1/1
   177 | D:1      | Reached XP level 2. HP: 19/20 MP: 2/2
   385 | D:1      | Reached XP level 3. HP: 18/25 MP: 3/3
   902 | D:2      | Reached XP level 4. HP: 11/31 MP: 4/4
  1167 | D:2      | Noticed a dagger
  1168 | D:2      | Noticed a dagger
  1169 | D:2      | Found a hide-covered altar of Uskayaw.
  1831 | D:2      | Reached XP level 5. HP: 35/36 MP: 5/5
  1932 | D:3      | HP: 1/36 [worm (9)]
  1934 | D:3      | Slain by a worm

Skill      XL: |  1  2  3  4  5 |
---------------+----------------+-----
Fighting       | 3 |  3.0
Long Blades    | 3 |  3.3
Shields        | 4 |  4.0
Armour         | 4 |  4.1
Dodging        | |  0.7
Stealth        | |  0.5

Action                   |  1- 3 |  4- 6 || total
-------------------------+-------+-------++-------
Melee: Long sword        |    88 |    90 ||   178
  Use: Scroll            |     3 |     3 ||     6
  Eat: Chunk             |       |     3 ||     3
Armor: Scale mail        |    26 |    32 ||    58
Dodge: Dodged            |    36 |    29 ||    65
Block: Shield            |    66 |    52 ||   118
       Rpst.: Long sword |    15 |    12 ||    27
